 Dungeon Crawl Stone Soup version 0.24.0-41-g2ae2f7f1be (webtiles) character file.

Game seed: 10567804668252093980, levelgen mode: deterministic

2058 grindst0ne the Skirmisher (level 9, -1/72 HPs)
             Began as a Human Artificer on Dec 12, 2019.
             Was an Initiate of Nemelex Xobeh.
             Shot with a bolt by an orc warrior (28 damage)
             ... in a bailey.
             The game lasted 00:13:20 (6143 turns).

grindst0ne the Skirmisher (Human Artificer)         Turns: 6143, Time: 00:13:21

Health: -1/72      AC:  9    Str: 21    XL:     9   Next: 49%
Magic:  20/20      EV: 11    Int: 12    God:    Nemelex Xobeh [......]
Gold:   265        SH:  0    Dex: 17    Spells: 8/8 levels left

rFire    . . .     SeeInvis .   c - +7 trident "Petoefud" {pierce, Str+6}
rCold    . . .     Gourm    .   (no shield)
rNeg     . . .     Faith    .   i - +0 scale mail
rPois    .         Spirit   .   h - +0 helmet
rElec    .         Reflect  .   b - scarf {cloud immunity}
rCorr    .         Harm     .   (no gloves)
MR       .....                  (no boots)
Stlth    ..........             (no amulet)
HPRegen  0.22/turn              x - +3 ring of dexterity
MPRegen  0.17/turn              z - ring of magical power

@: no status effects
A: no striking features
a: Draw Escape, Draw Destruction, Draw Summoning, Renounce Religion


You were in a bailey.
You worshipped Nemelex Xobeh.
Nemelex Xobeh was noncommittal.
You were not hungry.

You visited 1 branch of the dungeon, and saw 7 of its levels.
You also visited: Bailey.

You collected 265 gold pieces.

Inventory:

Hand Weapons
 c - the +7 trident "Petoefud" (weapon) {pierce, Str+6}
   (You found it on level 5 of the Dungeon)

   It inflicts extra damage upon your enemies.
   It affects your strength (+6).
 w - a +1 war axe of draining
 y - a +0 battleaxe
 F - the +9 spear of the Desolation of Salt {freeze, MR+, unknown}
   (You found it on level 7 of the Dungeon)

   It has been specially enchanted to freeze those struck by it, causing extra
   injury to most foes and up to half again as much damage against particularly
   susceptible opponents.
   It can also slow down cold-blooded creatures.
   It affects your resistance to hostile enchantments.
Missiles
 j - 2 boomerangs (quivered)
Armour
 b - a scarf of cloud immunity (worn)
 g - +0 steam dragon scales
 h - a +0 helmet (worn)
 i - a +0 scale mail (worn)
 A - a +0 chain mail
Jewellery
 x - a +3 ring of dexterity (left hand)
 z - a ring of magical power (right hand)
Wands
 d - a wand of enslavement (15)
 e - a wand of random effects (4)
Scrolls
 k - 3 scrolls of fog
 m - 8 scrolls of remove curse
 o - a scroll of teleportation {unknown}
 p - 2 scrolls of amnesia {unknown}
 q - a scroll of identify
 r - 2 scrolls of enchant weapon
 t - a scroll of magic mapping
 u - a scroll of fear {unknown}
 v - 2 scrolls of enchant armour {unknown}
 E - 2 scrolls of summoning {unknown}
Potions
 a - a potion of might
 s - 3 potions of haste
 C - a potion of cancellation
Comestibles
 f - 12 rations
 D - 5 chunks of flesh


   Skills:
 + Level 7.2 Fighting
   Level 1.0 Short Blades
 + Level 5.9 Axes
 + Level 7.1 Armour
 - Level 2.0 Dodging
 - Level 1.0 Stealth
 - Level 3.0 Evocations


You had 8 spell levels left.
You didn't know any spells.
Your spell library contained the following spells:

 Spells                   Type           Power        Failure   Level  Hunger
 Animate Skeleton         Necr           N/A          63%         1    ##.....
 Magic Dart               Conj           #...         63%         1    ##.....
 Pain                     Necr           #...         63%         1    ##.....
 Sandblast                Erth           #.....       63%         1    ##.....
 Summon Small Mammal      Summ           #...         63%         1    ##.....
 Call Imp                 Summ           #.......     77%         2    ###....
 Passwall                 Tmut/Erth      #.......     77%         2    ###....
 Searing Ray              Conj           #.....       77%         2    ###....
 Call Canine Familiar     Summ           #.......     94%         3    ####...
 Dazzling Spray           Conj/Hex       #.....       94%         3    ####...
 Regeneration             Chrm/Necr      #.........   94%         3    ####...
 Stone Arrow              Conj/Erth      #.....       94%         3    ####...
 Summon Guardian Golem    Hex/Summ       #.......     94%         3    ####...
 Vampiric Draining        Necr           #.........   94%         3    ####...
 Animate Dead             Necr           N/A          100%        4    #####..
 Force Lance              Conj/Tloc      #.......     100%        4    #####..
 Fulminant Prism          Conj/Hex       #.........   100%        4    #####..
 Iskenderun's Mystic Bla  Conj           #.......     100%        4    #####..
 Petrify                  Tmut/Erth      #.......     100%        4    #####..
 Summon Ice Beast         Ice/Summ       #.......     100%        4    #####..
 Summon Lightning Spire   Summ/Air       #.......     100%        4    #####..
 Lee's Rapid Deconstruct  Erth           #.........   100%        5    ######.


Dungeon Overview and Level Annotations

Branches:
Dungeon (7/15)             Temple (0/1) D:7          Bailey (1/1)

Altars:
Fedhas
Makhleb
Nemelex Xobeh
Xom

Annotations:
D:5 2 runed translucent doors, Hyawatha's ghost, amateur GrFi


Message History

Your yaktaur disappears in a puff of smoke!
Some of the chunks of flesh in your inventory have rotted away.
You hear a thunk.
A bolt appears from out of your range of vision.
The bolt hits your yaktaur.
You swap places.
You see here 4 bolts.
What are your orders? t - Shout!
Orders for allies: a - Attack new target. r - Retreat! s - Stop attacking. g - Guard the area. f - Follow me.
Anything else - Cancel.
Gang up on whom?
Press: ? - help, Dir - move target cursor, f - orc warrior
Aim: an orc warrior, wielding a +0 arbalest and wearing a +0 ring mail Attack!
The orc warrior shoots a bolt.
The bolt hits you.
The orc warrior shoots a bolt.
The bolt hits you!!
You die...
Your body disappears without a glow.

### #### ##∩##
#####
....##...##.....
≈≈≈..#...#..≈≈≈.
≈.≈≈......)≈≈.≈≈
.∩)≈......)≈o∩.≈
≈)≈≈()[.c..≈≈.≈≈
≈≈≈..#()@#..≈≈≈.
... #.∩.# .....
# ##∩## #### ###


You could see an orc warrior and a friendly yaktaur.

Vanquished Creatures
  Prince Ribbit (D:5)
  A steam dragon (D:6)
  An orc warrior (D:7)
  An ogre (D:5)
  A bullfrog (D:6)
  A scorpion (D:4)
  3 wights (D:6)
  A howler monkey (D:4)
  2 crimson imps
  2 hounds
  A jelly (D:6)
  3 orc priests
  5 orc wizards
  A centaur skeleton (D:6)
  3 worker ants
  A worker ant zombie (D:6)
  11 gnolls
  7 adders
  An adder zombie (D:5)
  A worm (D:4)
  2 dart slugs
  A leopard gecko (D:4)
  16 orcs
  11 bats
  6 giant cockroaches
  6 goblins
  9 hobgoblins
  11 jackals
  A ball python (D:2)
  9 frilled lizards
  5 kobolds
  A quokka skeleton (D:6)
  4 rats
  A fungus (D:6)
131 creatures vanquished.

Vanquished Creatures (collateral kills)
  An orc knight (Bailey)
  3 orc warriors (Bailey)
  An iguana (Bailey)
  A gnoll (Bailey)
  A worm (Bailey)
  4 orcs (Bailey)
11 creatures vanquished.

Vanquished Creatures (others)
  A steam dragon (D:6)
  A fungus (D:6)
2 creatures vanquished.

Grand Total: 144 creatures vanquished

Notes
Turn   | Place    | Note
-------+----------+-------------------------------------------
     0 | D:1      | grindst0ne the Human Artificer began the quest for the Orb.
     0 | D:1      | Reached XP level 1. HP: 15/15 MP: 3/3
   143 | D:1      | Reached skill level 1 in Armour
   143 | D:1      | Reached XP level 2. HP: 12/21 MP: 4/4
   352 | D:1      | Reached XP level 3. HP: 21/27 MP: 5/5
   756 | D:2      | Reached XP level 4. HP: 34/34 MP: 6/6
  1347 | D:3      | Reached XP level 5. HP: 41/41 MP: 7/7
  1953 | D:4      | Reached XP level 6. HP: 44/48 MP: 8/8
  2214 | D:4      | Reached skill level 1 in Axes
  2244 | D:4      | HP: 2/48 [gnoll/+0 club (6)]
  2560 | D:4      | Reached XP level 7. HP: 7/55 MP: 9/9
  3120 | D:5      | Entered Level 5 of the Dungeon
  3177 | D:5      | Found a large runed translucent door.
  3177 | D:5      | Found a large runed translucent door.
  3178 | D:5      | Noticed Hyawatha's ghost (amateur GrFi)
  3684 | D:5      | Noticed Prince Ribbit
  3704 | D:5      | Killed Prince Ribbit
  3704 | D:5      | Reached skill level 5 in Fighting
  3704 | D:5      | Reached skill level 5 in Armour
  3704 | D:5      | Reached XP level 8. HP: 36/62 MP: 10/10
  4354 | D:5      | Found an iron altar of Okawaru.
  4568 | D:5      | Found an ancient bone altar of Kikubaaqudgha.
  4568 | D:5      | Found a blossoming altar of Fedhas.
  4570 | D:5      | Found a shimmering altar of Xom.
  4570 | D:5      | Found a burning altar of Makhleb.
  4570 | D:5      | Found a shimmering altar of Xom.
  4573 | D:5      | Got an encrusted trident
  4574 | D:5      | Identified the +7 trident "Petoefud" {pierce, Str+6} (You
                  | found it on level 5 of the Dungeon)
  5324 | D:6      | Reached XP level 9. HP: 17/70 MP: 11/11
  5642 | D:6      | Reached skill level 5 in Axes
  5671 | D:6      | Found a sparkling altar of Nemelex Xobeh.
  5679 | D:6      | Became a worshipper of Nemelex Xobeh the Trickster
  6000 | D:7      | Found a flagged portal.
  6010 | D:7      | Got a bloodstained spear
  6013 | Bailey   | Entered a bailey
  6013 | Bailey   | Received a gift from Nemelex Xobeh
  6035 | Bailey   | Noticed an orc knight
  6066 | Bailey   | Killed an orc knight
  6143 | Bailey   | Shot with a bolt by an orc warrior

Levels and vault maps discovered:
D:1:      eino_arrival_cavern_b, layout_rooms
D:2:      layout_rooms
D:3:      layout_rooms, first_ration
D:4:      layout_basic
D:5:      layout_loops_cross, ebering_ghost_disaster_area, doesnt_xom_only_xom,
          uniq_prince_ribbit1
D:6:      kennysheep_steamy, layout_loops_ring, minmay_misc_feat_five,
          nemelex_xobeh_ov_fountains_minmay
D:7:      layout_cave_pods, minmay_temple_entry_statues_pillars, enter_bailey_2,
          fountainhead, grunt_ogre_cave, uniq_harold
Bailey:   bailey_polearm_4, bailey

Skill      XL: |  1  2  3  4  5  6  7  8  9 |
---------------+----------------------------+-----
Armour         | 1 2 3 4 5 6 7 |  7.1
Fighting       | 2 3 4 5 6 7 |  7.2
Axes           | 1 3 4 5 |  5.9
Short Blades   | |  1.0
Dodging        | |  2.0
Stealth        | |  1.0
Evocations     | |  3.0

Action                   |  1- 3 |  4- 6 |  7- 9 || total
-------------------------+-------+-------+-------++-------
Melee: Short sword       |    60 |       |       ||    60
       Whip              |    28 |   189 |   136 ||   353
       Trident           |       |       |    57 ||    57
       Falchion          |       |       |     2 ||     2
Throw: Throwing net      |       |       |     2 ||     2
 Abil: Draw Destruction  |       |       |     5 ||     5
       Draw Summoning    |       |       |     2 ||     2
Evoke: Wand              |       |    21 |    12 ||    33
  Use: Potion            |       |     2 |     5 ||     7
       Scroll            |       |       |    10 ||    10
 Stab: Sleeping          |       |     1 |       ||     1
  Eat: Chunk             |       |     5 |     9 ||    14
       Ration            |       |       |     1 ||     1
Armor: Ring mail         |    44 |    49 |       ||    93
       Scale mail        |       |    56 |    83 ||   139
Dodge: Dodged            |    62 |   140 |    82 ||   284
